 Dungeon Crawl Stone Soup version 0.26.0-15-gc6cd9f700b (webtiles) character file.

Game seed: 15325244853680397350

86 4Zeroes the Bolt Thrower (level 4, -8/27 HPs)
             Began as a Kobold Hunter on Jan 17, 2021.
             Hit by a stone thrown by an orc warrior (14 damage)
             ... on level 2 of the Dungeon.
             The game lasted 00:10:38 (1436 turns).

4Zeroes the Bolt Thrower (Kobold Hunter)            Turns: 1436, Time: 00:10:39

Health: -8/27      AC:  3    Str: 10    XL:     4   Next: 77%
Magic:  4/4        EV: 14    Int: 12    God:
Gold:   26         SH:  0    Dex: 15    Spells: 3/3 levels left

rFire    . . .     SeeInvis .   q - +0 dagger (venom)
rCold    . . .     Faith    .   (shield restricted)
rNeg     . . .     Spirit   .   c - +0 leather armour
rPois    .         Reflect  .   (no helmet)
rElec    .         Harm     .   (no cloak)
rCorr    .         Rampage  .   (no gloves)
Will     .....                  (no boots)
Stlth    +++.......             (no amulet)
HPRegen  0.09/turn              (no ring)
MPRegen  0.09/turn              (no ring)

@: no status effects
A: small, nightstalker 3
a: no special abilities


You were on level 2 of the Dungeon.
You visited 1 branch of the dungeon, and saw 2 of its levels.

You collected 26 gold pieces.

Inventory:

Hand Weapons
 a - a +1 hand crossbow
 b - a +0 short sword
 l - a +0 hunting sling
 n - a +0 short sword
 q - a +0 dagger of venom (weapon)
 u - a +0 club
 v - a +0 dagger
 y - a +0 club
Missiles
 f - 87 stones (quivered)
 o - 4 silver javelins
Armour
 c - a +0 leather armour (worn)
 i - a +2 pair of gloves of archery
 r - a cursed +0 ring mail
 s - a +3 scale mail
 x - a cursed +0 leather armour
Scrolls
 h - a scroll of enchant armour {unknown}
 m - a scroll of identify
 w - a scroll of remove curse {unknown}
Potions
 e - 3 potions of curing
 g - 2 potions of brilliance
 j - a potion of might {unknown}
 k - a potion of mutation {unknown}
 p - a potion of flight {unknown}
 t - a potion of invisibility {unknown}


   Skills:
 * Level 2.8 Fighting
 * Level 0.5 Short Blades
 * Level 6.4 Crossbows
 + Level 2.5 Dodging
 * Level 2.1 Stealth
 * Level 0.2 Spellcasting


You had 3 spell levels left.
You didn't know any spells.
Your spell library was empty.

Dungeon Overview and Level Annotations

Branches:
Dungeon (2/15)

Altars:


Innate Abilities, Weirdness & Mutations

You are small and have problems with some larger weapons.
You are completely attuned to the shadows.


Message History

You closely miss the orc warrior.
The orc warrior is heavily wounded.
The orc warrior misses you.
You hit the orc warrior.
The orc warrior is heavily wounded.
The orc warrior barely misses you. The orc warrior closely misses you.
The orc warrior throws a stone.
The stone closely misses you.
You see here 3 stones.
The orc warrior looks more healthy.
Things that are here:
5 stones; a potion of curing The orc warrior throws a stone.
The stone barely misses you.
The orc warrior hits you with a cursed +0 war axe!
* * * LOW HITPOINT WARNING * * *
The orc warrior throws a stone.
The stone misses you.
You see here 3 bolts.
The orc warrior throws a stone.
The stone hits you!
Ouch! That really hurt!
You die...

####################.#
................(....#
################...###
#.. ......(+ #.#
####.o(# #.# ###...#
#)# #########.....#
#.####........)((..##
................@....
..†....<..†.....#....
......................
#............... ....
#.############## ###.
#.. #.## #.#


You could see an orc warrior.

Vanquished Creatures
  An orc wizard (D:2)
  An adder (D:2)
  2 dart slugs (D:1)
  5 leopard geckos
  An orc (D:2)
  A ball python (D:2)
  A bat (D:2)
  A giant cockroach (D:1)
  5 goblins
  4 hobgoblins
  6 jackals (D:1)
  A frilled lizard (D:2)
  4 kobolds (D:1)
  3 rats
36 creatures vanquished.

Notes
Turn   | Place    | Note
-------+----------+-------------------------------------------
     0 | D:1      | 4Zeroes the Kobold Hunter began the quest for the Orb.
     0 | D:1      | Reached XP level 1. HP: 12/12 MP: 1/1
   129 | D:1      | Reached skill level 5 in Crossbows
   189 | D:1      | Reached XP level 2. HP: 18/18 MP: 2/2
   851 | D:1      | Reached XP level 3. HP: 22/22 MP: 3/3
  1393 | D:2      | Reached skill level 6 in Crossbows
  1393 | D:2      | Reached XP level 4. HP: 27/27 MP: 4/4
  1408 | D:2      | Noticed an orc warrior
  1436 | D:2      | Hit by a stone thrown by an orc warrior

Illustrated notes

Levels and vault maps discovered:
D:1:      dpeg_arrival_leaves_temple_mockup, layout_rooms, grunt_decor_junction
D:2:      layout_basic, grunt_qazlal_sundering, chequers_ecumenical_altar_island

Skill      XL: |  1  2  3 |
---------------+----------+-----
Crossbows      | 5 6 |  6.4
Stealth        | 2 |  2.1
Fighting       | |  2.8
Short Blades   | |  0.5
Dodging        | |  2.5
Spellcasting   | |  0.2

Action                   |  1- 3 |  4- 6 || total
-------------------------+-------+-------++-------
Melee: Short sword       |    11 |       ||    11
       Dagger            |     4 |     5 ||     9
 Fire: Hand crossbow     |    53 |    12 ||    65
  Use: Scroll            |     2 |       ||     2
Armor: Leather armour    |     7 |     2 ||     9
Dodge: Dodged            |    45 |    14 ||    59
